 Dungeon Crawl Stone Soup version 0.17.0-24-gcfadda4 (console) character file.

10808 gw the Basher (level 11, -10/100 HPs)
             Began as a Deep Dwarf Fighter on Nov 17, 2015.
             Was a Believer of Ru.
             Splashed by an oklob plant's acid (13 damage)
             ... on level 1 of the Lair of Beasts.
             The game lasted 00:15:45 (8254 turns).

gw the Basher (Deep Dwarf Fighter)                  Turns: 8254, Time: 00:15:45

Health: -10/100    AC:  3    Str: 20    XL:     11   Next: 41%
Magic:  0/0        EV:  5    Int:  9    God:    Ru [**....]
Gold:   599        SH: 11    Dex: 15    Spells: 0 memorised, 10 levels left

rFire  + . .     SeeInvis .     b - +4 morningstar (protect)
rCold  . . .     Clarity  .     s - +0 plate armour
rNeg   + + .     SustAt   +     c - +0 shield
rPois  +         Gourm    .     o - +2 helmet
rElec  .         Spirit   .     z - +1 cloak
rCorr  .         Warding  +     h - +0 pair of gloves
rMut   .         Stasis   .     q - +0 pair of boots
MR     .....                    x - amulet of warding
Stlth  ..........               t - ring "Wuilur" {SustAt rPois rN+}
                                g - ring of protection from fire

@: corroded equipment, non-regenerating, not resistant to hostile enchantments,
extremely unstealthy
A: damage resistance, recharge devices, sense surroundings 2, slow regeneration
3, hated by all, magic vulnerability 1
a: Device Recharging, Renounce Religion


You were on level 1 of the Lair of Beasts.
You worshipped Ru.
Ru was pleased with you.
You were not hungry.

You visited 2 branches of the dungeon, and saw 12 of its levels.

You collected 599 gold pieces.

Inventory:

Hand Weapons
 b - a +4 morningstar of protection (weapon)
Missiles
 j - 133 stones
 D - 2 poisoned tomahawks (quivered)
 E - a tomahawk
Armour
 c - a +0 shield (worn)
 h - a +0 pair of gloves (worn)
 o - a +2 helmet (worn)
 q - a +0 pair of boots (worn)
 s - a +0 plate armour (worn)
 z - a +1 cloak (worn)
Jewellery
 g - a ring of protection from fire (left hand)
 t - the ring "Wuilur" (right hand) {SustAt rPois rN+}
   (You found it on level 8 of the Dungeon)

   [ring of sustain attributes]

   It sustains your strength, intelligence and dexterity.
   It protects you from poison.
   It protects you from negative energy.
 x - an amulet of warding (around neck)
Wands
 d - a wand of magic darts (10)
 e - a wand of heal wounds (0)
 n - a wand of paralysis (14)
 r - a wand of draining (15)
 u - a wand of slowing (8)
 A - a wand of hasting (4)
Scrolls
 a - 9 scrolls of identify
 p - 5 scrolls of teleportation
 y - 4 scrolls of remove curse
Potions
 C - a potion of curing
Comestibles
 f - 4 bread rations
 i - a royal jelly
 l - 4 meat rations
 m - 18 fruits
 v - 3 beef jerkies
 B - a slice of pizza


   Skills:
 + Level 7.0 Fighting
 * Level 10.2 Maces & Flails
 + Level 6.6 Throwing
 + Level 8.6 Armour
 + Level 8.3 Shields
 + Level 6.9 Evocations


You had 10 spell levels left.
You didn't know any spells.

Dungeon Overview and Level Annotations

Branches:
Dungeon (11/15)            Temple (0/1) D:7            Lair (1/8) D:11
    Orc: D:9-12

Altars:
Dithmenos
Fedhas
Gozag
Okawaru
Ru

Shops:
D:9 *


Innate Abilities, Weirdness & Mutations

You are resistant to damage.
You can recharge devices by infusing magical energy.
You passively map the area around you.
You do not regenerate naturally.
You are hated by all.
You are slightly vulnerable to magic.


Message History

You feel much better.
This wand has 0 charges left.
The oklob plant spits acid at you. The splash of acid hits you!
The acid corrodes you!
The acid burns!
ATTACK MOVE TO (-1,0)
You puncture the bush!
The bush is moderately damaged.
ATTACK MOVE TO (-1,0)
You hit the bush but do no damage.
The bush is moderately damaged.
The oklob plant spits acid at you. The splash of acid hits you!
The acid burns!
ATTACK MOVE TO (-1,0)
You hit the bush but do no damage.
The bush is moderately damaged.
ATTACK MOVE TO (-1,0)
You hit the bush but do no damage.
The bush is moderately damaged.
The oklob plant spits acid at you. The splash of acid hits you!
The acid burns!
You die...

...............#..... ,
*, ,
...............##.... *
#..............#.... , ,,
## #..........##..##.%. ,
, ..P
###........###..#... ,
....#.#......### ##....%
, , .............#.##
##.... ,
,.....$..................
, ...PPPg................
, , ,.
,PPP$..............#.
,PPP...............#. , ,
...............#...# , ,
, ...............###.# *
,, ,...............#. , ,
* ,, , >.............# ,
, , .............. , , ,
* ,, ,, ,, ,, ,,


You could see an oklob plant.

Table legend:
 A = Turns spent in this place as a percentage of turns spent in the entire game.
 B = Non-inter-level travel turns spent in this place as a percentage of non-inter-level travel turns spent in the entire game.
 C = Inter-level travel turns spent in this place as a percentage of turns spent in this place.
 D = Turns resting spent in this place as a percentage of non-inter-level travel turns spent in this place.
 E = Turns spent auto-exploring this place as a percentage of non-inter-level travel turns spent in this place.
 F = Non-inter-level travel turns spent in this place divided by the number of levels of this place that you've seen.
                   A       B       C       D       E      F
               +-------+-------+-------+-------+-------+----------------------
         Total | 100.0 | 100.0 |   0.4 |   0.0 |   2.1 | 1382.0
       Dungeon |  97.9 |  97.9 |   0.4 |   0.0 |   2.2 | 1476.5
          Lair |   2.1 |   2.1 |   0.0 |   0.0 |   0.3 | 342.0
               +-------+-------+-------+-------+-------+----------------------

Table legend:
 A = Kills in this place as a percentage of kills in entire the game.
 B = Kills by you in this place as a percentage of kills by you in the entire game.
 C = Kills by friends in this place as a percentage of kills by friends in the entire game.
 D = Other kills in this place as a percentage of other kills in the entire game.
 E = Experience gained in this place as a percentage of experience gained in the entire game.
 F = Experience gained in this place divided by the number of levels of this place that you have seen.
                   A       B       C       D       E      F
               +-------+-------+-------+-------+-------+----------------------
         Total | 100.0 | 100.0 |  -nan | 100.0 | 100.0 | 1286.8
       Dungeon |  97.5 |  97.4 |  -nan | 100.0 |  98.6 | 1384.5
          Lair |   2.5 |   2.6 |  -nan |   0.0 |   1.4 | 211.0
               +-------+-------+-------+-------+-------+----------------------

Vanquished Creatures
  A hydra (D:7)
  Erica (D:8)
  An unseen horror (D:11)
  Pikel (D:5)
  2 hill giants
  2 ugly things (D:11)
  Maurice (D:8)
  Psyche (D:9)
  A troll (D:10)
  The ghost of kylecrane the Conjurer, a novice TeFE (D:5)
  Prince Ribbit (D:8)
  A wraith (D:10)
  3 deep elf magi (D:10)
  5 yaks
  A wyvern (D:10)
  A water moccasin (Lair:1)
  A soldier ant (D:11)
  A wasp (D:11)
  5 orc warriors
  2 ice beasts
  3 necrophages
  3 ogres
  The ghost of gw the Skirmisher, an amateur FoAK of Lugonu (D:3)
  A black bear (D:7)
  4 centaurs
  A phantom (D:4)
  4 sky beasts
  2 slaves (D:5)
  A crocodile (D:11)
  3 giant frogs
  A big kobold (D:10)
  A water moccasin zombie (D:8)
  2 scorpions (D:9)
  6 crimson imps
  6 hounds
  A giant frog skeleton (D:10)
  5 orc priests
  10 orc wizards
  A worker ant (D:7)
  2 iguanas
  A killer bee zombie (D:10)
  A hound skeleton (D:7)
  A worker ant zombie (D:7)
  6 gnolls
  10 adders
  6 river rats
  5 shadow imps
  An adder zombie (D:7)
  2 worms
  3 adder skeletons
  6 giant geckos
  37 orcs
  3 giant cockroaches
  3 goblins
  9 hobgoblins
  A ball python (D:1)
  6 bats
  A giant cockroach zombie (D:6)
  3 giant gecko zombies
  3 giant newts
  13 jackals
  8 kobolds
  4 quokkas
  A quokka skeleton (D:7)
  12 rats
  5 fungi (D:11)
  3 plants (D:11)
245 creatures vanquished.

Vanquished Creatures (others)
  An orc (D:8)
  A giant newt (D:5)
  2 fungi (D:11)
4 creatures vanquished.

Grand Total: 249 creatures vanquished

Notes
Turn   | Place    | Note
--------------------------------------------------------------
     0 | D:1      | gw the Deep Dwarf Fighter began the quest for the Orb.
     0 | D:1      | Reached XP level 1. HP: 20/20 MP: 1/1
   205 | D:1      | Reached XP level 2. HP: 27/27 MP: 2/2
   307 | D:1      | Reached skill level 1 in Evocations
   880 | D:3      | Found a shadowy altar of Dithmenos.
   933 | D:3      | Reached skill level 1 in Throwing
   950 | D:3      | Noticed gw's ghost (amateur FoAK)
   971 | D:3      | Killed gw's ghost
   971 | D:3      | Reached XP level 3. HP: 24/34 MP: 2/4
   971 | D:3      | Reached XP level 4. HP: 29/42 MP: 2/5
  1038 | D:3      | Reached XP level 5. HP: 28/49 MP: 6/6
  1152 | D:3      | Reached skill level 4 in Armour
  1192 | D:3      | Noticed a sky beast
  1260 | D:3      | Killed a sky beast
  1456 | D:3      | Reached XP level 6. HP: 53/56 MP: 6/6
  1640 | D:3      | Gained mutation: Your spells are a little harder to cast, but a little more powerful. [potion of mutation]
  1640 | D:3      | Gained mutation: You are somewhat resistant to further mutation. [potion of mutation]
  1830 | D:4      | You fall through a shaft!
  1830 | D:5      | Entered Level 5 of the Dungeon
  1830 | D:5      | Noticed Pikel
  1915 | D:5      | Killed Pikel
  1915 | D:5      | Reached skill level 5 in Maces & Flails
  1915 | D:5      | Reached skill level 5 in Armour
  1915 | D:5      | Reached XP level 7. HP: 34/64 MP: 6/6
  1958 | D:5      | Noticed kylecrane's ghost (novice TeFE)
  1966 | D:5      | Killed kylecrane's ghost
  1966 | D:5      | Reached skill level 5 in Shields
  1966 | D:5      | Reached XP level 8. HP: 37/72 MP: 7/7
  3278 | D:6      | Reached skill level 6 in Maces & Flails
  3896 | D:7      | Reached skill level 5 in Fighting
  3896 | D:7      | Reached skill level 7 in Maces & Flails
  3899 | D:7      | Noticed a five-headed hydra
  3899 | D:7      | Gained mutation: You passively map the area around you. [Deep Dwarf growth]
  3899 | D:7      | Reached XP level 9. HP: 62/81 MP: 6/6
  3963 | D:7      | Killed a five-headed hydra
  4150 | D:7      | Found an iron altar of Okawaru.
  4234 | D:7      | Found a sacrificial altar of Ru.
  4342 | D:7      | Became a worshipper of Ru the Awakened
  4358 | D:7      | Found a staircase to the Ecumenical Temple.
  4413 | D:7      | Reached skill level 8 in Maces & Flails
  4612 | D:7      | Lost mutation: You are somewhat resistant to further mutation. [potion of cure mutation]
  4612 | D:7      | Lost mutation: Your spells are a little harder to cast, but a little more powerful. [potion of cure mutation]
  4746 | D:8      | Noticed Erica
  4772 | D:8      | Noticed Maurice
  4788 | D:8      | Reached skill level 5 in Throwing
  4827 | D:8      | Killed Erica
  4827 | D:8      | Reached XP level 10. HP: 34/91 MP: 0/2
  4873 | D:8      | Killed Maurice
  4994 | D:8      | Found a blossoming altar of Fedhas.
  5224 | D:8      | Got a bound silver ring
  5227 | D:8      | Identified the ring "Wuilur" {SustAt rPois rN+} (You found it on level 8 of the Dungeon)
  5259 | D:8      | Noticed Prince Ribbit
  5301 | D:8      | Killed Prince Ribbit
  5399 | D:9      | Reached skill level 5 in Evocations
  5410 | D:9      | Reached skill level 9 in Maces & Flails
  5472 | D:9      | Noticed a hill giant
  5484 | D:9      | Killed a hill giant
  5561 | D:9      | Gained mutation: You are hated by all. [Ru sacrifice]
  5561 | D:9      | Reached * piety under Ru
  5597 | D:9      | Noticed Psyche
  5608 | D:9      | Killed Psyche
  5753 | D:9      | Found Unugiterr's Elemental Accessories.
  5763 | D:9      | Found an opulent altar of Gozag.
  6161 | D:10     | Entered Level 10 of the Dungeon
  6580 | D:10     | Reached XP level 11. HP: 64/99 MP: 3/3
  7162 | D:11     | Noticed a hill giant
  7170 | D:11     | Killed a hill giant
  7253 | D:11     | Reached skill level 10 in Maces & Flails
  7372 | D:11     | Found a staircase to the Lair.
  7621 | D:11     | Killed an unseen horror
  8022 | D:11     | Gained mutation: You are slightly vulnerable to magic. [Ru sacrifice]
  8022 | D:11     | Reached ** piety under Ru
  8179 | Lair:1   | Entered Level 1 of the Lair of Beasts
  8254 | Lair:1   | HP: 3/100 [oklob plant/splash of acid (4)]
  8254 | Lair:1   | Splashed by an oklob plant's acid

Action                   |  1- 3 |  4- 6 |  7- 9 | 10-12 || total
-------------------------+-------+-------+-------+-------++-------
Melee: Flail             |    82 |   245 |   124 |       ||   451
       Morningstar       |       |       |   253 |   434 ||   687
Throw: Stone             |    45 |    43 |    38 |   186 ||   312
       Tomahawk          |       |    19 |    37 |    79 ||   135
Invok: Sacrifice Love    |       |       |       |     1 ||     1
       Sacrifice Essence |       |       |       |     1 ||     1
 Abil: Device Recharging |       |     2 |     9 |     5 ||    16
Evoke: Wand              |       |    11 |    39 |    17 ||    67
  Use: Potion            |     4 |     7 |     5 |     2 ||    18
       Scroll            |     4 |     2 |     4 |     7 ||    17
  Eat: Chunk             |     8 |     2 |    10 |    10 ||    30
       Bread ration      |       |       |       |     1 ||     1

Vault maps used:
D:1:      tarquinn_simple_flora_water_c
D:2:      marbit_many_paths, corner_web_ring, grunt_decor_resistance, uniq_robin
D:3:      corexii_shack_village, old_standard_altar, first_bread
D:4:      grunt_temple_overflow_open, serial_undead, serial_undead_b,
          serial_undead_c, serial_undead_d, serial_undead_b
D:5:      uniq_pikel
D:7:      hangedman_cross_stitches, nicolae_ru_awakened_eye, temple_statues,
          okawaru_altar_gauntlet_db
D:8:      hangedman_tree_tricks, uniq_prince_ribbit1, uniq_maurice, uniq_erica
D:9:      minmay_diamond_stairs, grunt_gozag_breadcrumbs,
          nicolae_elemental_shop, uniq_psyche
D:11:     due_lair_maze_entry_diamond, eino_tiny_chamber, minmay_crystal_room
Lair:1:   minmay_lair_oklob_bushes, grunt_megastairs_3
